Map: Catalyst LE

Players

fruitcake - Winner!

  • Race: Terran Terran
  • Spawn Location: 11:00

A.I. 1 (Medium)

  • Race: Protoss Protoss
  • Spawn Location: 5:00

VOD

Have the link to the VOD?

Description

Time

  • Played on: May 5, 2018, 12:48 p.m.
  • Length: 11:14
Show
View Real Time Build Order
Export as new Build Order

fruitcake Terran - Winner!

Build Orders:  

Get SALT Encoding   

  12  0:18  SCV  
  13  0:23  Supply Depot  
  13  0:28  Refinery  
  13  0:30  SCV  
  14  0:42  SCV  
  15  0:54  SCV  
  16  1:06  SCV  
  17  1:13  Barracks  
  17  1:18  SCV  
  18  1:30  SCV  
  19  1:33  Barracks  
  19  1:42  SCV  
  20  1:55  SCV  
  20  2:00  Marine  
  22  2:01  Command Center  
  22  2:16  Orbital Command  
  22  2:18  Marine  
  23  2:26  Supply Depot  
  23  2:37  Barracks Reactor  
  23  2:46  Barracks Reactor  
  23  2:50  Supply Depot  
  23  2:58  SCV  
  24  3:10  SCV  
  25  3:19  SCV  
  26  3:22  SCV  
  26  3:23  Marine  
  26  3:24  Marine x3  
  31  3:31  SCV  
  32  3:34  SCV, Engineering Bay  
  33  3:41  Marine x2  
  33  3:42  Marine x2  
  33  3:43  SCV  
  33  3:44  Refinery  
  33  3:46  SCV  
  39  3:59  Marine x3, Terran Infantry Weapons Level 1  
  39  4:00  Marine  
  39  4:01  SCV  
  44  4:13  SCV  
  45  4:17  Marine x4  
  49  4:25  SCV  
  50  4:35  Marine x4, Bunker  
  54  4:41  Supply Depot  
  54  4:44  SCV  
  53  4:45  Supply Depot  
  49  4:53  Marine x4  
  53  5:01  SCV  
  53  5:10  Marine x2  
  53  5:11  Marine x2  
  53  5:14  SCV  
  51  5:26  SCV  
  52  5:28  Marine x3  
  52  5:29  Marine  
  52  5:33  Barracks  
  54  5:38  SCV  
  54  5:46  Marine x4  
  55  6:04  Marine x4  
  56  6:14  SCV  
  57  6:22  Marine x4  
  61  6:26  SCV, Terran Infantry Armor Level 1  
  62  6:34  Barracks  
  62  6:38  SCV  
  62  6:39  Marine  
  63  6:40  Marine x3  
  67  6:50  Barracks Reactor  
  67  6:57  Marine x2  
  67  6:58  Marine  
  67  6:59  Barracks  
  70  7:05  Supply Depot  
  70  7:08  Supply Depot  
  70  7:14  Planetary Fortress  
  70  7:27  Marine x7  
  77  7:30  Supply Depot  
  77  7:32  Supply Depot  
  77  7:44  Factory  
  77  7:45  Marine x7  
  77  7:49  Supply Depot  
  84  8:02  Marine x7  
  84  8:03  Command Center  
  91  8:12  Supply Depot  
  91  8:13  Supply Depot  
  91  8:20  Marine x7  
  98  8:31  SCV x2  
  100  8:36  Supply Depot  
  100  8:38  Marine x7  
  100  8:39  Barracks Tech Lab  
  107  8:43  SCV x2  
  109  8:55  SCV  
  110  8:56  Marine x6  
  110  8:59  Stimpack  
  110  9:02  Barracks Reactor  
  116  9:03  Barracks Tech Lab  
  116  9:14  Marine x6  
  122  9:21  SCV x2  
  124  9:25  Marine, Marauder  
  127  9:31  Marine x6  
  133  9:42  Supply Depot  
  133  9:43  Supply Depot, Marauder  
  134  9:47  Marauder  
  134  9:49  Marine x6  
  131  10:04  Marauder  
  131  10:06  Supply Depot x2  
  133  10:07  Marine x6  
  133  10:08  Marauder  
  133  10:10  SCV  
  142  10:23  SCV  
  142  10:25  Marine x6  
  142  10:26  Marauder  
  151  10:29  Marauder  
  152  10:43  Marine x6  
  152  10:47  Marauder  
  158  10:51  Marauder  
Show
View Real Time Build Order
Export as new Build Order

A.I. 1 (Medium) Protoss 

Build Orders:  

Get SALT Encoding   

  12  0:00  Probe  
  13  0:13  Probe  
  14  0:19  Pylon  
  14  0:25  Probe  
  15  0:34  Probe  
  15  0:41  Gateway  
  15  0:42  Probe  
  16  0:48  Assimilator  
  17  0:51  Probe  
  18  1:02  Pylon  
  18  1:29  Gateway  
  18  1:31  Cybernetics Core  
  18  1:34  Assimilator  
  18  1:38  Zealot  
  20  1:57  Zealot  
  20  2:05  Pylon  
  20  2:07  Warp Gate  
  24  2:15  Zealot  
  24  2:27  Stalker  
  26  2:30  Probe  
  27  2:41  Adept  
  27  2:42  Probe  
  30  2:50  Pylon  
  30  2:54  Probe  
  30  2:57  Stalker  
  33  3:04  Forge  
  33  3:06  Probe  
  34  3:19  Probe  
  35  3:31  Probe  
  36  4:59  Probe, Sentry  
  39  5:01  Pylon  
  39  5:02  Photon Cannon  
  39  5:04  Photon Cannon  
  39  5:05  Robotics Facility  
  39  5:08  Stargate  
  39  5:10  Twilight Council  
  39  5:12  Stalker  
  41  5:14  Gateway  
  41  5:15  Probe  
  41  5:18  Forge  
  42  5:24  Stalker  
  42  5:26  Pylon  
  44  5:37  Stalker  
  40  5:50  Sentry  
  40  5:54  Observer  
  43  6:03  Adept  
  39  6:08  Observer  
  39  6:16  Zealot  
  42  6:25  Nexus  
  42  6:29  Zealot  
  44  6:42  Adept  
  46  6:54  Stalker  
  48  7:07  Stalker  
  50  7:38  Probe x2  
  52  7:47  Probe  
  52  7:49  Assimilator  
  52  7:50  Probe  
  54  7:51  Pylon  
  54  7:53  Pylon  
  54  7:55  Assimilator  
  54  7:56  Probe  
  54  8:02  Probe  
  56  8:08  Probe  
  57  8:14  Photon Cannon, Probe  
  57  8:16  Probe  
  57  8:17  Photon Cannon  
  58  8:20  Photon Cannon  
  58  8:24  Probe  
  58  8:26  Probe  
  61  8:35  Probe  
  61  8:38  Probe  
  63  8:43  Probe  
  64  8:50  Probe  
  65  8:55  Probe  
  66  9:03  Probe  
  66  9:07  Probe  
  68  9:14  Probe  
  69  9:20  Warp Prism  
  69  9:28  Void Ray  
  75  9:32  Robotics Facility  
  75  9:36  Stargate  
  75  9:37  Pylon  
  75  9:51  Fleet Beacon  
  63  9:53  Warp Prism  
  59  10:16  Robotics Bay  
  59  10:19  Observer  
  59  10:31  Stalker  
  47  10:38  Zealot  
  40  10:45  Pylon  
  40  10:47  Pylon  
  40  10:48  Pylon  
  37  10:53  Pylon  
  37  10:55  Pylon  
Tags
 
Add a new tag
Caveats
  • Supply blocks, unpowered buildings, or Contaminate may cause inaccurate times.
  • Supply counts are checked every 10 seconds.